 Dungeon Crawl Stone Soup version 0.18.1-8-gdd0e5ea (webtiles) character file.

25 Hipnos the Digger (level 3, 0/20 HPs)
             Began as a Gargoyle Earth Elementalist on May 31, 2016.
             Slain by a gnoll
             ... wielding a +0 whip
              (2 damage)
             ... on level 1 of the Dungeon.
             The game lasted 00:03:08 (966 turns).

Hipnos the Digger (Gargoyle Earth Elementalist)      Turns: 966, Time: 00:03:09

Health: 0/20       AC:  5    Str: 11    XL:     3   Next: 6%
Magic:  6/6        EV:  7    Int: 16    God:
Gold:   126        SH: 12    Dex: 10    Spells: 1 memorised, 5 levels left

rFire  . . .     SeeInvis .     g - +0 whip
rCold  . . .     Gourm    .     a - +0 robe
rNeg   + . .     Faith    .     i - +2 large shield
rPois  ∞         Spirit   .     (no helmet)
rElec  +         Dismiss  .     (no cloak)
rCorr  .         Reflect  .     (no gloves)
SustAt .         Harm     .     (no boots)
MR     .....                    (no amulet)
Stlth  ++........               (no ring)
                                (no ring)

@: not resistant to hostile enchantments, unstealthy
A: negative energy resistance 1, electricity resistance, unbreathing,
petrification resistance, rot immunity, AC +3
a: no special abilities


You were on level 1 of the Dungeon.
You were not hungry.

You visited 1 branch of the dungeon, and saw 1 of its levels.

You collected 126 gold pieces.

Inventory:

Hand Weapons
 g - a +0 whip (weapon)
Missiles
 b - 22 stones (quivered)
Armour
 a - a +0 robe (worn)
 i - a +2 large shield (worn)
Jewellery
 h - an uncursed amulet of dismissal {unknown}
Scrolls
 e - a scroll of enchant weapon {unknown}
 n - a scroll of identify {unknown}
 o - a scroll of remove curse {unknown}
Potions
 f - a potion of might {unknown}
 j - a potion of curing {unknown}
 m - a potion of degeneration {unknown}
Books
 c - a book of Geomancy

   Spells                             Type                      Level
   a - Sandblast                      Earth                        1
   b - Passwall                       Transmutation/Earth          2
   c - Stone Arrow                    Conjuration/Earth            3
   d - Petrify                        Transmutation/Earth          4
   e - Lee's Rapid Deconstruction     Earth                        5
Comestibles
 d - a bread ration
 k - a slice of pizza
 l - 3 chunks of flesh
 p - a meat ration


   Skills:
 + Level 0.4 Fighting
 + Level 0.2 Maces & Flails
 + Level 1.7 Dodging
 - Level 2.1 Stealth
 + Level 0.4 Shields
 + Level 2.2 Spellcasting
   Level 0.7 Transmutations
 + Level 4.4 Earth Magic


You had 5 spell levels left.
You knew the following spells:

 Your Spells              Type           Power        Failure   Level  Hunger
a - Sandblast             Erth           ###...       87%         1    #......


Dungeon Overview and Level Annotations

Branches:
Dungeon (1/15)

Altars:


Innate Abilities, Weirdness & Mutations

You are resistant to torment.
Your stone body is resilient (AC +3).
You are immune to poison.
You resist negative energy.
You are resistant to electric shocks.
You can survive without breathing.
You are immune to petrification.
You are immune to rotting.


Message History

You closely miss the gnoll.
The gnoll is severely wounded.
The gnoll hits you with a whip.
Your shield prevents you from hitting the gnoll.
The gnoll is severely wounded.
You block the gnoll's attack.
You barely miss the gnoll.
The gnoll is severely wounded.
You block the gnoll's attack. The gnoll hits you with a whip!
You closely miss the gnoll.
The gnoll is severely wounded.
You block the gnoll's attack.
Your shield prevents you from hitting the gnoll.
The gnoll is severely wounded.
The gnoll hits you with a whip.
* * * LOW HITPOINT WARNING * * *
You barely miss the gnoll.
The gnoll is severely wounded.
The gnoll hits you with a whip.
You die...

#g.#.) .# #....# .#
##..##$####.######
#.#..##.#.......w.
#########..#.......#
...........#..##.###
##########....##w#
##.#.##g# ####
#.#.##@# ....
#.#.##.# ####
#.#.##.#
#####.#.##.##
........#...##
#####........########
## ###.#......).....
.## #.##.##########
..# #÷##.#


You could see a gnoll and a dart slug.

Vanquished Creatures
  2 dart slugs (D:1)
  A giant gecko (D:1)
  3 bats (D:1)
  4 jackals (D:1)
  4 kobolds (D:1)
  A giant newt (D:1)
  2 goblins (D:1)
  2 rats (D:1)
19 creatures vanquished.

Notes
Turn   | Place    | Note
--------------------------------------------------------------
     0 | D:1      | Hipnos the Gargoyle Earth Elementalist began the quest for the Orb.
     0 | D:1      | Reached XP level 1. HP: 10/10 MP: 3/3
   260 | D:1      | Reached skill level 4 in Earth Magic
   293 | D:1      | Reached XP level 2. HP: 15/15 MP: 5/5
   754 | D:1      | Reached XP level 3. HP: 12/19 MP: 6/6
   966 | D:1      | Slain by a gnoll

Skill      XL: |  1 |
---------------+----+-----
Earth Magic    | 4 |  4.4
Fighting       | |  0.4
Maces & Flails | |  0.2
Dodging        | |  1.7
Stealth        | |  2.1
Shields        | |  0.4
Spellcasting   | |  2.2
Transmutations | |  0.7

Action                   || total
-------------------------++-------
Melee: Whip              ||    88
 Cast: Sandblast         ||     7
Armor: Robe              ||    29
Dodge: Dodged            ||    34
Block: Large shield      ||    58
